 Dungeon Crawl Stone Soup version 0.27-a0-1105-g946c659c87 (webtiles) character file.

Game seed: 14598600545749490090

182 flotson the Covert (level 5, 0/47 HPs)
             Began as a Gnoll Delver on Apr 29, 2021.
             Was a Believer of Yredelemnul.
             Succumbed to an orc priest's poison
             ... on level 3 of the Dungeon.
             The game lasted 00:05:42 (4041 turns).

flotson the Covert (Gnoll Delver)                   Turns: 4041, Time: 00:05:42

Health: 0/47       AC:  3    Str: 13    XL:     5   Next: 62%
Magic:  7/7        EV: 11    Int:  9    God:    Yredelemnul [**....]
Gold:   134        SH:  4    Dex: 13    Spells: 7/7 levels left

rFire    . . .     SeeInvis .   a - +0 trident
rCold    . . .     Faith    +   m - +0 buckler
rNeg     . . .     Spirit   .   r - +0 ring mail
rPois    .         Reflect  .   (no helmet)
rElec    .         Harm     .   (no cloak)
rCorr    .         Rampage  .   (no gloves)
Will     .....                  v - +0 pair of boots
Stlth    ++++......             h - amulet of faith
HPRegen  0.15/turn              d - ring of wizardry
MPRegen  0.10/turn              (no ring)

@: lethally poisoned (0 -> -10)
A: fangs 1, strong nose, distributed training, deformed body, mutation
resistance 1
a: Renounce Religion, Animate Remains, Recall Undead Slaves, Injury Mirror


You were on level 3 of the Dungeon.
You worshipped Yredelemnul.
Yredelemnul was pleased with you.
You visited 2 branches of the dungeon, and saw 6 of its levels.

You collected 134 gold pieces.

Inventory:

Hand Weapons
 a - a +0 trident (weapon)
 b - a +0 hunting sling
Missiles
 k - a throwing net (quivered)
 s - 41 sling bullets
Armour
 m - a +0 buckler (worn)
 r - a +0 ring mail (worn)
 v - a +0 pair of boots (worn)
Jewellery
 d - a ring of wizardry (left hand)
 h - an amulet of faith (around neck)
 p - an amulet of the acrobat
Wands
 g - a wand of digging (3)
Scrolls
 c - a scroll of fog
 e - 3 scrolls of enchant armour {unknown}
 l - 6 scrolls of identify {unknown}
 q - a scroll of vulnerability {unknown}
 t - a scroll of blinking {unknown}
 w - a scroll of amnesia {unknown}
Potions
 f - a potion of haste
 i - a potion of attraction {unknown}
 j - a potion of mutation
 n - 2 potions of curing {unknown}
 o - a potion of cancellation {unknown}
 u - 2 potions of flight {unknown}


   Skills:
 + Level 6.7 Fighting
 + Level 1.5 Short Blades
 + Level 1.5 Long Blades
 + Level 1.5 Axes
 + Level 1.5 Maces & Flails
 + Level 4.8 Polearms
 + Level 1.5 Staves
 + Level 1.5 Slings
 + Level 1.5 Bows
 + Level 1.5 Crossbows
 + Level 1.5 Throwing
 + Level 1.5 Armour
 + Level 4.8 Dodging
 + Level 9.6 Stealth
 + Level 1.5 Shields
 + Level 1.5 Unarmed Combat
 + Level 1.5 Spellcasting
 + Level 1.2 Conjurations
 + Level 1.2 Hexes
 + Level 1.2 Summonings
 + Level 1.2 Necromancy
 + Level 1.2 Translocations
 + Level 1.2 Transmutations
 + Level 1.2 Fire Magic
 + Level 1.2 Ice Magic
 + Level 1.2 Air Magic
 + Level 1.2 Earth Magic
 + Level 1.2 Poison Magic
 + Level 1.7 Invocations
 + Level 1.5 Evocations


You had 7 spell levels left.
You didn't know any spells.
Your spell library was empty.

Dungeon Overview and Level Annotations

Branches:
Dungeon (5/15)             Temple (1/1) D:5

Altars:
Dithmenos
Elyvilon
Hepliaklqana
Ru
Vehumet
Yredelemnul
The Shining One
Lugonu


Innate Abilities, Weirdness & Mutations

You have very sharp teeth.
Your uncanny sense of smell can sniff out nearby items.
Your experience applies equally to all skills.
Armour fits poorly on your strangely shaped body.
You are somewhat resistant to further mutation.


Message History

The orc priest is moderately wounded.
You feel sick.
The orc hits your adder zombie with a +0 club.
The endoplasm closely misses your kobold zombie.
Your adder zombie bites the orc priest.
The orc priest hits you with a +1 dagger of venom.
You are more poisoned.
You closely miss the orc priest.
The orc priest is severely wounded.
You feel very sick.
Your kobold zombie hits the orc priest with a +0 club.
The orc completely misses your adder zombie.
The endoplasm hits your kobold zombie.
Your adder zombie barely misses the orc priest.
The orc priest hits you with a +1 dagger of venom.
You are lethally poisoned!
You closely miss the orc priest. Your bite misses the orc priest.
The orc priest is severely wounded.
* * * LOW HITPOINT WARNING * * *
You feel very sick.
Your kobold zombie hits the orc priest with a +0 club.
The orc priest dies!
Yredelemnul accepts your kill.
The orc hits your adder zombie with a +0 club.
Your adder zombie is destroyed!
You puncture the endoplasm!
You kill the endoplasm!
Yredelemnul accepts your kill.
* * * LOW HITPOINT WARNING * * *
You feel very sick.
You swap places.
* * * LOW HITPOINT WARNING * * *
You feel very sick. The orc hits you but does no damage.
Your kobold zombie hits the orc with a +0 club.
Items here: )) [ †.
It was a potion of mutation.
You feel extremely strange.
Your body twists and deforms.
You feel genetically stable.
You die...
Your body rises from the dead as a mindless zombie.

#..≈≈≈≈............
###########..≈≈≈≈.≈≈≈≈≈..##..
#.........†..≈≈≈≈.≈≈≈≈≈.###..
#.####.#####.≈≈≈≈.≈≈≈≈≈.# #..
#.# #.### #.≈≈≈≈.≈≈≈≈≈.###.# #.#
#...# #................# ###.#
#...###..#.######..##### #.Z.#
#...+....#+######.## #
##.######...###@#......##.######
#....Z......+.oZ+...............
########....#####......##.######
#....#####......##.######
##..............##..Z....
#....###.........#######
#....###.........#
#......#.........#
#......'.........#


You could see an orc (ally target) and a friendly kobold zombie.

Vanquished Creatures
  2 orc wizards
  A hound skeleton (D:4)
  4 adders
  2 worms (D:2)
  2 dart slugs
  5 orcs
  4 ball pythons
  5 bats
  6 endoplasms
  2 giant cockroaches
  3 goblins
  4 hobgoblins
  3 quokkas
  3 frilled lizards
  3 kobolds
  8 rats
57 creatures vanquished.

Vanquished Creatures (collateral kills)
  An orc priest (D:3)
1 creature vanquished.

Vanquished Creatures (others)
  An adder zombie (D:3)
  A goblin zombie (D:4)
  2 orc zombies (D:4)
  A quokka zombie (D:4)
  A plant (D:2)
6 creatures vanquished.

Grand Total: 64 creatures vanquished

Notes
Turn   | Place    | Note
-------+----------+-------------------------------------------
     0 | D:5      | Reached skill level 9 in Stealth
     0 | D:5      | flotson the Gnoll Delver began the quest for the Orb.
     0 | D:5      | Reached XP level 1. HP: 23/23 MP: 1/1
    26 | D:5      | Found a staircase to the Ecumenical Temple.
    34 | Temple   | Entered the Ecumenical Temple
    61 | Temple   | Became a worshipper of Yredelemnul the Dark
    80 | D:5      | Noticed an acid dragon
    84 | D:5      | Noticed a hound
   112 | D:4      | Noticed an orc wizard
   116 | D:4      | Noticed an orc wizard
   182 | D:3      | Reached XP level 2. HP: 21/29 MP: 2/2
   583 | D:1      | You fall into a shaft and drop 1 floor!
   715 | D:1      | Reached XP level 3. HP: 35/35 MP: 3/3
   982 | D:1      | Reached * piety under Yredelemnul
  1512 | D:1      | Reached skill level 1 in Invocations
  2164 | D:2      | Reached skill level 1 in Short Blades
  2164 | D:2      | Reached skill level 1 in Long Blades
  2164 | D:2      | Reached skill level 1 in Axes
  2164 | D:2      | Reached skill level 1 in Maces & Flails
  2164 | D:2      | Reached skill level 1 in Staves
  2164 | D:2      | Reached skill level 1 in Slings
  2164 | D:2      | Reached skill level 1 in Bows
  2164 | D:2      | Reached skill level 1 in Crossbows
  2164 | D:2      | Reached skill level 1 in Throwing
  2164 | D:2      | Reached skill level 1 in Armour
  2164 | D:2      | Reached skill level 1 in Shields
  2164 | D:2      | Reached skill level 1 in Unarmed Combat
  2164 | D:2      | Reached skill level 1 in Spellcasting
  2164 | D:2      | Reached skill level 1 in Evocations
  2482 | D:2      | Reached XP level 4. HP: 41/41 MP: 5/5
  3349 | D:3      | Reached skill level 1 in Conjurations
  3349 | D:3      | Reached skill level 1 in Hexes
  3349 | D:3      | Reached skill level 1 in Summonings
  3349 | D:3      | Reached skill level 1 in Necromancy
  3349 | D:3      | Reached skill level 1 in Translocations
  3349 | D:3      | Reached skill level 1 in Transmutations
  3349 | D:3      | Reached skill level 1 in Fire Magic
  3349 | D:3      | Reached skill level 1 in Ice Magic
  3349 | D:3      | Reached skill level 1 in Air Magic
  3349 | D:3      | Reached skill level 1 in Earth Magic
  3349 | D:3      | Reached skill level 1 in Poison Magic
  3657 | D:4      | Reached ** piety under Yredelemnul
  3677 | D:4      | Reached XP level 5. HP: 39/47 MP: 5/7
  4040 | D:3      | HP: 2/47 [poisoned by an orc priest]
  4041 | D:3      | Gained mutation: Armour fits poorly on your strangely
                  | shaped body. [potion of mutation]
  4041 | D:3      | Gained mutation: You are somewhat resistant to further
                  | mutation. [potion of mutation]
  4041 | D:3      | Succumbed to an orc priest's poison

Illustrated notes

Levels and vault maps discovered:
D:1:      kilobyte_arrival_exit_the_forest, layout_loops_ring, serial_rivers,
          chequers_serial_rivers_micro_a, chequers_serial_rivers_small_3,
          chequers_serial_rivers_micro_d, chequers_serial_rivers_large_a
D:2:      layout_loops_cross, serial_bayou_lagoon_a, kennysheep_potato
D:3:      layout_basic, minivault_23, minivault_14
D:4:      layout_loops_ring, st_stairs_3, minmay_vboxes
D:5:      layout_rooms, pdpol_wu_jian_five_deadly_venoms,
          minmay_temple_entry_grid, minmay_misc_feat_plants
Temple:   corrupted_temple

Skill      XL: |  1  2  3  4 |
---------------+-------------+-----
Stealth        | |  9.6
Invocations    | 1 |  1.7
Short Blades   | 1 |  1.5
Long Blades    | 1 |  1.5
Axes           | 1 |  1.5
Maces & Flails | 1 |  1.5
Staves         | 1 |  1.5
Slings         | 1 |  1.5
Bows           | 1 |  1.5
Crossbows      | 1 |  1.5
Throwing       | 1 |  1.5
Armour         | 1 |  1.5
Shields        | 1 |  1.5
Unarmed Combat | 1 |  1.5
Spellcasting   | 1 |  1.5
Evocations     | 1 |  1.5
Conjurations   | 1 |  1.2
Hexes          | 1 |  1.2
Summonings     | 1 |  1.2
Necromancy     | 1 |  1.2
Translocations | 1 |  1.2
Transmutations | 1 |  1.2
Fire Magic     | 1 |  1.2
Ice Magic      | 1 |  1.2
Air Magic      | 1 |  1.2
Earth Magic    | 1 |  1.2
Poison Magic   | 1 |  1.2
Fighting       | |  6.7
Polearms       | |  4.8
Dodging        | |  4.8

Action                   |  1- 3 |  4- 6 || total
-------------------------+-------+-------++-------
Melee: Spear             |   100 |       ||   100
       Bite              |    10 |     9 ||    19
       Trident           |    11 |    85 ||    96
 Fire: Hunting sling     |    14 |       ||    14
Invok: Animate Remains   |       |     9 ||     9
  Use: Scroll            |     2 |       ||     2
       Potion            |       |     1 ||     1
 Stab: Sleeping          |    14 |     7 ||    21
       Distracted        |     1 |       ||     1
Armor: Leather armour    |    12 |       ||    12
       Ring mail         |     6 |    32 ||    38
Dodge: Dodged            |    44 |    29 ||    73
Block: Buckler           |    11 |    11 ||    22

Table legend: (Time is in decaauts)
 A = Elapsed time spent in this place.
 B = Non-inter-level travel time spent in this place.
 C = Inter-level travel time spent in this place.
 D = Time resting spent in this place.
 E = Time spent auto-exploring this place.
 F = Levels seen in this place.
 G = Mean time per level.
                   A        B        C        D        E       F      G
               +--------+--------+--------+--------+--------+-----+--------+
         Total |   4084 |   3859 |    225 |    207 |   3065 |   6 |  680.7 |
       Dungeon |   4042 |   3831 |    211 |    207 |   3041 |   5 |  808.4 |
        Temple |     41 |     27 |     14 |      0 |     24 |   1 |   41.0 |
               +--------+--------+--------+--------+--------+-----+--------+

Top non-repeatable levels by time:
     D:3: 1483 daAuts
     D:1: 1390 daAuts
     D:2: 886 daAuts
     D:4: 227 daAuts
     D:5: 54 daAuts
  Temple: 41 daAuts
